 Dungeon Crawl Stone Soup version 0.16.2-12-gd0ad4c3 (webtiles) character file.

78524 magipi the Cleaver (level 15, -1/115 HPs)
             Began as a Ghoul Gladiator on Mar 17, 2016.
             Was an Elder of Makhleb.
             Slain by a merfolk impaler
             ... wielding a +2 trident of protection
              (16 damage)
             ... on level 5 of the Shoals.
             The game lasted 03:17:41 (21743 turns).

magipi the Cleaver (Ghoul Gladiator)               Turns: 21743, Time: 03:17:41

Health: -1/115     AC: 19    Str: 21    XL:     15   Next: 60%
Magic:  21/27      EV: 16    Int: 10    God:    Makhleb [****..]
Gold:   2148       SH:  0    Dex: 16    Spells: 4 memorised, 13 levels left

rFire  . . .     SeeInvis .     a - +2 battleaxe (vamp)
rCold  + + .     Clarity  .     H - +3 scale mail {rC+}
rNeg   + + +     SustAb   .     (no shield)
rPois  ∞         Gourm    .     N - +2 helmet {Int+3}
rElec  .         Spirit   .     Q - +1 cloak {+Inv}
rCorr  +         Warding  .     O - +0 pair of gloves {Dex+3}
rMut   .         Rnd*Tele +     (no boots)
MR     +....                    z - amulet of resist corrosion
Stlth  ..........               t - ring of teleportation
                                Z - ring "Schopluc" {Wiz Dex+3}

@: about to teleport, mesmerised, rotting, somewhat resistant to hostile
enchantments, extremely unstealthy
A: rotting body, claws 1, carnivore 3, cold resistance 1, negative energy
resistance 3, poison resistance, slow healing 1, torment resistance, unbreathing
a: Minor Destruction, Lesser Servant of Makhleb, Major Destruction, Renounce
Religion, Evoke Invisibility, Evoke Teleportation


You were on level 5 of the Shoals.
You worshipped Makhleb.
Makhleb was greatly pleased with you.
You were not hungry.

You visited 5 branches of the dungeon, and saw 33 of its levels.
You also visited: Labyrinth and Ice Cave.

You collected 2884 gold pieces.
You spent 736 gold pieces at shops.

Inventory:

Hand weapons
 a - a +2 vampiric battleaxe (weapon)
 b - a +0 blowgun
 h - a +0 demon whip of electrocution
 E - a +0 battleaxe
Missiles
 d - 4 throwing nets
 n - 116 poisoned needles
 r - 3 javelins (quivered)
Armour
 H - a +3 scale mail of cold resistance (worn)
 J - a +0 leather armour of fire resistance
 N - a +2 helmet of intelligence (worn)
 O - a +0 pair of gloves of dexterity (worn)
 Q - a +1 cloak of invisibility (worn)
Rods
 c - a +7 rod of shadows (14/14)
   (You took it off a minotaur in a labyrinth)
Jewellery
 e - an uncursed ring of protection from magic
 l - an uncursed ring of sustain abilities
 t - a ring of teleportation (right hand)
 z - an amulet of resist corrosion (around neck)
 Z - the ring "Schopluc" (left hand) {Wiz Dex+3}
   (You found it on level 8 of the Lair of Beasts)

   [ring of wizardry]

   It improves your spell success rate.
   It affects your dexterity (+3).
Magical devices
 g - a wand of confusion (21)
 k - a wand of digging (6)
 q - a wand of lightning (2)
 s - a wand of enslavement (7)
 u - a wand of lightning (7)
 x - a wand of teleportation (2)
 y - a wand of heal wounds (0)
 G - a wand of lightning (2)
 T - a wand of fire (6)
 V - a wand of fireball (5)
 W - a wand of fire (3)
Scrolls
 o - a scroll of silence
 A - a scroll of brand weapon
 L - a scroll of teleportation
 M - a scroll of fog
 P - a scroll of blinking
 S - a scroll of remove curse
Potions
 f - 8 potions of curing
 i - a potion of agility {unknown}
 p - a potion of restore abilities
 v - a potion of haste
 B - a potion of cancellation {unknown}
 R - a potion of flight {unknown}
 Y - a potion of invisibility
Books
 C - a book of Frost

   Spells                             Type                      Level
   a - Freeze                         Ice                          1
   b - Throw Frost                    Conjuration/Ice              2
   c - Ozocubu's Armour               Charms/Ice                   3
   d - Throw Icicle                   Conjuration/Ice              4
   e - Summon Ice Beast               Ice/Summoning                4
   f - Condensation Shield            Ice                          4
 D - a book of Necromancy

   Spells                             Type                      Level
   a - Pain                           Necromancy                   1
   b - Animate Skeleton               Necromancy                   1
   c - Vampiric Draining              Necromancy                   3
   d - Regeneration                   Charms/Necromancy            3
   e - Animate Dead                   Necromancy                   4
   f - Control Undead                 Necromancy                   4
Miscellaneous
 K - a phial of floods
 X - a lamp of fire
Comestibles
 j - 2 beef jerkies
 m - 5 meat rations
 F - 2 chunks of flesh


   Skills:
 - Level 6.0 Fighting
 - Level 11.7 Axes
 - Level 6.0 Throwing
 + Level 9.9 Armour
 + Level 9.2 Dodging
 - Level 4.0 Spellcasting
 + Level 6.1 Charms
 - Level 8.0 Necromancy
 - Level 4.0 Translocations
 - Level 10.2 Invocations
 - Level 10.0 Evocations


You had 13 spell levels left.
You knew the following spells:

 Your Spells              Type           Power        Failure   Level  Hunger
a - Apportation           Tloc           ##........   4%          1    #......
b - Animate Skeleton      Necr           N/A          1%          1    #......
d - Animate Dead          Necr           N/A          9%          4    #####..
r - Regeneration          Chrm/Necr      ###.......   4%          3    ###....


Dungeon Overview and Level Annotations

Branches:
Dungeon (15/15)            Temple (1/1) D:5            Lair (8/8) D:8
 Shoals (5/5) Lair:5        Snake (0/5) Lair:5        Slime (0/6) Lair:8
    Orc (4/4) D:10            Elf (0/3) Orc:4        Vaults (0/5) D:13
 Depths: D:15

Altars:
Ashenzari
Cheibriados
Elyvilon
Fedhas
Gozag
Kikubaaqudgha
Makhleb
Nemelex Xobeh
Okawaru
Qazlal
Ru
Sif Muna
Trog
Vehumet
Xom
Yredelemnul
Zin
The Shining One
Jiyva

Shops:
D:4 %}   D:6 %   D:7 (   Orc:4 [%(*

Annotations:
D:2 scrolls
D:3 1 runed door
D:5 Prince Ribbit
D:10 Eustachio
Lair:4 Snorg
Shoals:5 Ilsuiw


Innate Abilities, Weirdness & Mutations

Your body is rotting away.
You thrive on raw meat.
You have sharp fingernails.
You are carnivorous and can eat meat at any time.
Your flesh is cold resistant.
You are immune to negative energy.
Your system is resistant to poisons.
You heal slowly when monsters are visible.
You are immune to unholy pain and torment.
You can survive without breathing.

Vault maps used:
D:1:      sevenhm_arrival_forest_fort_small_4, serial_park_tiny_1
D:2:      zin_scriptorium
D:3:      lemuel_crystal_altar, lemuel_angel_altar, uniq_grinder
D:4:      lemuel_coloured_pillars_altar, first_bread, serial_shops, shop_statue,
          shop_statue, corner_web_ring, baited_tele_trap, uniq_natasha,
          uniq_robin
D:5:      forest_paths, kiku_gazebo_garden_becter, uniq_prince_ribbit1
D:6:      lemuel_doored_altar, beetle_altar_2, serial_shops,
          nicolae_shop_behind_doors, serial_bayou_ford_a, uniq_menkaure
D:7:      yredelemnul_altar_generic, serial_shops,
          nicolae_shop_competitors_out_of_business,
          nicolae_qazlal_general_emergency
D:8:      grunt_lair_entry_elf_guard_hut
D:9:      trog_ov_bears_minmay, old_standard_altar, uniq_duvessa
D:10:     orc_0_dummy, uniq_eustachio
D:12:     grunt_ministairs_9
D:13:     david_vaults_4, blue_anna_alchemist
D:14:     minivault_27, kennysheep_another_room
D:15:     grunt_enter_depths_magical_seal, serial_corexii_hall,
          corexii_hall_statues_t, corexii_hall_statues_deadend,
          corexii_hall_statues_t, corexii_hall_statues_x,
          corexii_hall_statues_x, corexii_hall_statues_l,
          minmay_misc_feat_enclosed, moated_statue, uniq_harold
Temple:   chambers_temple_10
Lair:1:   portal_ice_cave_entry_pillars_02, nicolae_volcano_entry_two_sided
Lair:2:   minivault_27, lemuel_fruit_tree
Lair:4:   serial_bayou_pond_e, uniq_snorg
Lair:5:   shoals_dummy_entry, minmay_snake_entry_guardpost_medium,
          grunt_forest_small_clearings, uniq_nergalle, uniq_fannar
Lair:6:   lab_entry_generic, grunt_megastairs_2
Lair:7:   minmay_lair_oklob_items, uniq_rupert
Lair:8:   evilmike_catoblepas_cave, dpeg_slime_entry_enclosed_altar,
          serial_bayou_lake_a
Shoals:1: st_shoals_ruin
Shoals:2: uniq_roxanne
Shoals:3: nicolae_shoals_stone_sculpture_thing
Shoals:4: uniq_norris
Shoals:5: serial_shops, nicolae_shop_stone, shoals_end_hangedman,
          shoals_ilsuiw_alternative
Orc:1:    uniq_joseph
Orc:3:    serial_shops, nicolae_shop_waterfront, basic_altar,
          nicolae_orc_pool_cavern
Orc:4:    st_orc_elflike, basic_altar, special_room
Lab:      labyrinth_watery, labyrinth_skeletal_remains, labyrinth_glass_1
IceCv:    ice_cave_small_dragons


Message History

Your cacodemon hits the snapping turtle but does no damage.
Unknown command.
Unknown command.
Your surroundings suddenly seem different.
Splash!
You fall into the shallow water.
Moving in this stuff is going to be slow.
You break out of your daze!
You hear a haunting song.
Unknown command.
Use which ability? (? or * to list)
You fail to use your ability.
You hear an eerie melody.
Unknown command.
Unknown command.
You hear a haunting song.
Unknown command.
You hear an eerie melody.
Unknown command.
Use which ability? (? or * to list)
You fail to use your ability.
You hear a haunting song.
Unknown command.
Unknown command.
Use which ability? (? or * to list)
You feel strangely unstable.
You feel quite a bit more hungry. The merfolk impaler barely misses you.
You hear a haunting song.
The merfolk impaler closely misses you.
Unknown command.
Unknown command.
The merfolk impaler hits you with a trident of protection.
You barely miss the merfolk impaler.
Your surroundings suddenly seem different.
A water nymph comes into view.
The water nymph shouts!
The merfolk throws a throwing net.
The throwing net hits you.
You become entangled in the net!
The water nymph flows with the water.
Found a throwing net and 20 sling bullets.
A merfolk comes into view. It is wielding a trident of freezing.
You struggle against the net.
Splash!
You fall into the shallow water.
Moving in this stuff is going to be slow.
Unknown command.
You slice into the net. The water nymph touches you.
Unknown command.
You try to slip out of the net.
The water nymph touches you!
The merfolk hits you but does no damage.
Unknown command.
You slice the net and break free!
The water nymph points at you and mumbles some strange words.
The water swirls and strikes you!
* * * LOW HITPOINT WARNING * * *
The water nymph flows with the water.
Splash!
You fall into the shallow water.
Moving in this stuff is going to be slow.
The merfolk hits you but does no damage.
Unknown command.
Unknown command.
Use which ability? (? or * to list)
You feel strangely unstable.
You feel somewhat more hungry. The water nymph touches you.
Splash!
You fall into the shallow water.
Moving in this stuff is going to be slow.
The merfolk hits you but does no damage.
Unknown command.
A merfolk aquamancer comes into view. It is wielding a rapier.
The merfolk aquamancer shouts!
Your surroundings suddenly seem different.
A merfolk impaler comes into view. It is wielding a trident of freezing.
The merfolk impaler shouts!
A merfolk javelineer comes into view. It is wielding a spear of freezing.
The merfolk javelineer shouts!
The siren shouts!
You hear a shout!
The merfolk impaler misses you.
A merfolk impaler and Ilsuiw come into view.
Unknown command.
Unknown command.
Use which ability? (? or * to list)
You feel strangely unstable.
You feel somewhat more hungry.
The merfolk impaler hits you from afar with a trident of freezing.
* * * LOW HITPOINT WARNING * * *
The siren chants a haunting song.
You resist with some effort. Ilsuiw closely misses you.
The merfolk impaler hits you with a trident of protection.
* * * LOW HITPOINT WARNING * * *
The merfolk impaler barely misses you. The merfolk impaler misses you.
Ilsuiw gestures wildly while chanting.
The merfolk impaler hits you from afar with a trident of freezing.
* * * LOW HITPOINT WARNING * * *
The merfolk impaler barely misses you.
The siren chants a haunting song.
You are mesmerised by the siren!
The merfolk javelineer throws a javelin.
The javelin hits you.
* * * LOW HITPOINT WARNING * * *
The merfolk impaler hits you from afar with a trident of protection!
You die...

...≈≈
......[...W.......
...... ≈..............#
....m.
.####...Wt......P#
...... #
...##...2....[..# .....
#..#..≈##..........#
.....
.....≈#≈≈##.....[.....P
.....
#.#.≈#≈#..#..........≈P
....
#..≈#≈m≈..#..!......≈≈
... #≈≈≈.#@#.........≈
.. #≈mm............≈ #
#≈..#mm#.........≈
##.EEE#.........≈≈
####..........≈≈≈
≈≈.......≈≈≈≈
≈≈≈≈....≈≈≈≈≈
≈≈≈≈≈≈≈≈≈≈≈≈ ≈≈≈≈≈≈≈≈≈≈


You could see Ilsuiw, 2 merfolk impalers, a merfolk javelineer, 3 water
elementals and a siren.

Table legend:
 A = Kills in this place as a percentage of kills in entire the game.
 B = Kills by you in this place as a percentage of kills by you in the entire game.
 C = Kills by friends in this place as a percentage of kills by friends in the entire game.
 D = Other kills in this place as a percentage of other kills in the entire game.
 E = Experience gained in this place as a percentage of experience gained in the entire game.
 F = Experience gained in this place divided by the number of levels of this place that you have seen.
                   A       B       C       D       E      F
               +-------+-------+-------+-------+-------+----------------------
         Total | 100.0 | 100.0 | 100.0 | 100.0 | 100.0 | 3205.1
       Dungeon |  45.6 |  52.8 |  20.9 |   0.0 |  27.4 | 2050.9
          Lair |  25.3 |  24.0 |  29.8 |   0.0 |  33.2 | 4652.0
        Shoals |  10.5 |   6.1 |  25.7 |   0.0 |  30.3 | 6789.0
  Orcish Mines |  17.0 |  15.0 |  23.6 | 100.0 |   6.5 | 1829.8
     Labyrinth |   0.1 |   0.2 |   0.0 |   0.0 |   0.6 | 694.0
      Ice Cave |   1.5 |   2.0 |   0.0 |   0.0 |   2.0 | 2241.0
               +-------+-------+-------+-------+-------+----------------------

Vanquished Creatures
  A minotaur (Lab)
  A hydra (D:11)
  A catoblepas (D:14)
  4 death yaks
  A centaur warrior (D:13)
  A tengu warrior (D:14)
  Nergalle (Lair:5)
  5 sea snakes
  An ice statue (IceCv)
  2 ugly things
  3 hill giants
  6 harpies
  6 griffons
  A faun (Shoals:3)
  3 cyclopes
  2 manticores (Shoals:4)
  4 sirens
  6 elephants
  Joseph (Orc:1)
  4 black mambas
  A drowned soul (Shoals:4)
  A gargoyle (D:11)
  2 centaur skeletons
  6 spiny frogs
  5 komodo dragons
  A kobold demonologist (D:13)
  A two-headed ogre (D:13)
  2 wind drakes
  A polar bear (Lair:5)
  Grinder (D:3)
  A baby alligator (shapeshifter) (D:14)
  7 merfolk
  2 trolls
  A slime creature (Lair:8)
  A basilisk (D:13)
  2 snapping turtles
  4 wyverns
  A raven (D:13)
  6 blink frogs
  2 wraiths
  3 water elementals (Shoals:1)
  3 hungry ghosts
  A vampire mosquito (D:13)
  11 hippogriffs
  15 yaks
  4 wolves (Lair:8)
  A warg (Orc:2)
  A deep elf fighter (D:8)
  Menkaure (D:6)
  7 porcupines
  9 water moccasins
  4 black bears
  A human skeleton (D:13)
  9 orc warriors
  3 ogres
  8 centaurs
  20 ice beasts
  2 phantoms
  A necrophage (D:7)
  3 eyes of draining
  A black bear (shapeshifter) (D:15)
  5 nagas (Lair:5)
  8 crocodiles
  16 giant frogs
  A scorpion (D:9)
  18 wights
  A killer bee (D:11)
  7 crimson imps
  A giant frog zombie (D:6)
  A goliath beetle (D:6)
  4 jellies
  A gnoll shaman (D:8)
  13 hounds
  10 orc wizards
  9 orc priests
  7 iguanas
  3 giant frog skeletons
  Natasha (D:4)
  13 worker ants
  13 sheep
  An ogre zombie (D:8)
  A hound zombie (D:7)
  A hound skeleton (D:8)
  2 mummies
  4 worker ant zombies
  Robin (D:4)
  18 gnolls
  18 adders
  31 river rats
  3 shadow imps
  3 giant mites
  4 worms
  An adder skeleton (D:9)
  3 giant geckos
  3 oozes
  89 orcs
  27 bats
  2 giant cockroaches
  16 goblins
  25 hobgoblins
  11 jackals
  A ball python (D:6)
  A giant cockroach zombie (D:5)
  4 giant newts
  A giant spore (D:11)
  A jackal zombie (D:5)
  18 kobolds
  16 quokkas
  A quokka zombie (D:9)
  16 rats
  5 ballistomycetes
  5 fungi
  A plant (D:8)
676 creatures vanquished.

Vanquished Creatures (collateral kills)
  Norris (Shoals:4)
  Rupert (Lair:7)
  5 merfolk impalers
  A fire dragon (D:13)
  Fannar (Lair:5)
  A hydra (Lair:7)
  3 catoblepae (Lair:8)
  A satyr (Shoals:3)
  4 merfolk avatars
  2 merfolk aquamancers
  4 centaur warriors
  An anaconda (shapeshifter) (D:13)
  6 death yaks (Lair:8)
  4 orc high priests
  5 sea snakes
  4 orc knights (Orc:4)
  A hill giant (D:11)
  A wizard (D:13)
  4 water nymphs
  3 ugly things
  4 orc sorcerers (Orc:4)
  2 cyclopes
  A faun (Shoals:3)
  A manticore (Shoals:3)
  2 black mambas
  3 elephants (Lair:7)
  4 harpies
  3 griffons
  A siren (Shoals:3)
  2 spiny frogs
  An efreet (D:13)
  3 kobold demonologists
  A queen bee (shapeshifter) (D:13)
  A troll (D:12)
  A polar bear (Lair:8)
  A tengu conjurer (D:13)
  8 merfolk
  A snapping turtle (Shoals:1)
  4 ravens
  2 wind drakes
  A basilisk (Lair:8)
  3 blink frogs
  2 water elementals (Shoals:3)
  7 yaks
  A wraith (D:11)
  A ynoxinul (Orc:4)
  A warg (Orc:2)
  3 hippogriffs
  4 porcupines
  2 ice beasts
  4 water moccasins
  2 ogres
  6 orc warriors
  An orc zombie (Orc:4)
  3 centaurs
  2 electric eels (Lair:8)
  A crocodile (Lair:7)
  2 giant frogs
  Duvessa (D:9)
  A wyvern skeleton (D:12)
  A scorpion (D:11)
  2 killer bees (D:11)
  A warg skeleton (Orc:2)
  Dowan (D:9)
  2 crimson imps
  A giant frog zombie (Lair:7)
  6 orc priests (Orc:4)
  A giant frog skeleton (D:12)
  2 iguanas
  5 orc wizards (Orc:4)
  3 river rats (Lair:8)
  5 sheep
  2 adders
  A shadow imp (D:14)
  An adder zombie (Lair:7)
  12 orcs
  A hobgoblin (Orc:1)
  3 quokkas
  2 ballistomycetes (D:11)
  A fungus (Lair:8)
  9 plants
209 creatures vanquished.

Vanquished Creatures (others)
  2 Executioners
  2 cacodemons
  A balrug (Orc:4)
  2 green deaths
  A blizzard demon (D:13)
  An ugly thing skeleton (D:13)
  20 drowned souls
  A human skeleton (Lair:7)
  A catoblepas zombie (Lair:8)
  A sea snake zombie (Shoals:1)
  A smoke demon (Lair:6)
  A hellwing (Shoals:1)
  2 catoblepas skeletons (Lair:8)
  4 death yak skeletons (Lair:8)
  A sea snake skeleton (Shoals:3)
  4 harpy skeletons
  4 griffon skeletons
  A black mamba zombie (Lair:8)
  A wind drake zombie (Shoals:1)
  A hill giant skeleton (D:12)
  2 black mamba skeletons
  2 neqoxecs
  A wind drake skeleton (Shoals:1)
  2 raven zombies (D:14)
  A raven skeleton (D:14)
  A water nymph skeleton (Shoals:3)
  4 merfolk skeletons
  An orc warrior (Orc:4)
  A spiny frog skeleton (Lair:7)
  A wyvern skeleton (D:14)
  A snapping turtle skeleton (Shoals:4)
  An elephant skeleton (Lair:5)
  A manticore skeleton (Shoals:4)
  2 cyclops skeletons
  A water moccasin zombie (Lair:7)
  2 yak zombies (Lair:8)
  4 water moccasin skeletons
  A polar bear zombie (Lair:8)
  A wight (D:8)
  A hippogriff skeleton (D:12)
  2 troll skeletons
  3 yak skeletons (Lair:8)
  A polar bear skeleton (Lair:5)
  4 wolf skeletons (Lair:8)
  4 centaur skeletons
  A basilisk zombie (Lair:8)
  An iron imp (D:14)
  A giant frog skeleton (D:14)
  A porcupine zombie (Lair:7)
  3 kobold skeletons (D:13)
  A two-headed ogre skeleton (D:13)
  A hound skeleton (Lair:5)
  An ufetubus (D:14)
  2 iguana skeletons
  3 sheep zombies (Lair:8)
  13 orc zombies
  2 sheep skeletons (D:12)
  4 giant spores
  A goblin zombie (Orc:2)
  3 kobolds (D:6)
  12 orc skeletons
  8 river rat zombies (Lair:8)
  15 fungi
  33 plants
203 creatures vanquished.

Grand Total: 1088 creatures vanquished

Notes
Turn   | Place    | Note
--------------------------------------------------------------
     0 | D:1      | magipi, the Ghoul Gladiator, began the quest for the Orb.
     0 | D:1      | Reached XP level 1. HP: 17/17 MP: 1/1
    68 | D:1      | Reached skill level 3 in Axes
    75 | D:1      | Reached XP level 2. HP: 20/23 MP: 2/2
   762 | D:1      | Reached XP level 3. HP: 28/28 MP: 3/3
  1127 | D:2      | Found a glowing silver altar of Zin.
  1279 | D:3      | Noticed Grinder
  1293 | D:3      | Paralysed by Grinder for 3 turns
  1308 | D:3      | Paralysed by Grinder for 2 turns
  1318 | D:3      | Killed Grinder
  1318 | D:3      | Reached skill level 5 in Axes
  1318 | D:3      | Reached XP level 4. HP: 10/35 MP: 3/3
  1318 | D:3      | Reached XP level 5. HP: 11/40 MP: 4/4
  1318 | D:3      | Reached XP level 6. HP: 12/47 MP: 5/5
  1374 | D:3      | Reached skill level 6 in Axes
  1471 | D:3      | Found a glowing silver altar of Zin.
  1472 | D:3      | Found a runed door.
  1472 | D:3      | Noticed an angel
  1789 | D:3      | Found a stormy altar of Qazlal.
  2092 | D:4      | Found Deamouf's Gadget Boutique.
  2283 | D:4      | Noticed Robin
  2384 | D:4      | Found Noatwomes' Food Boutique.
  2431 | D:4      | Killed Robin
  2475 | D:5      | Entered Level 5 of the Dungeon
  2489 | D:5      | Reached skill level 7 in Axes
  2489 | D:5      | Reached XP level 7. HP: 55/55 MP: 5/5
  2572 | D:5      | Found a staircase to the Ecumenical Temple.
  2583 | Temple   | Entered the Ecumenical Temple
  2662 | Temple   | Became a worshipper of Makhleb the Destroyer
  2844 | D:5      | Found an ancient bone altar of Kikubaaqudgha.
  2968 | D:5      | Reached skill level 8 in Axes
  3036 | D:5      | Acquired Makhleb's first power
  3070 | D:5      | Reached XP level 8. HP: 58/62 MP: 6/6
  3075 | D:5      | Reached skill level 1 in Armour
  3139 | D:5      | Noticed Prince Ribbit
  3283 | D:4      | Noticed Natasha
  3302 | D:4      | Killed Natasha
  3487 | D:4      | Found a shimmering altar of Xom.
  3723 | D:6      | Noticed Menkaure
  3728 | D:6      | Found Ekhletos' Food Shoppe.
  3742 | D:6      | Killed Menkaure
  3768 | D:6      | Acquired Makhleb's second power
  3809 | D:6      | Reached skill level 9 in Axes
  3878 | D:6      | Found a blossoming altar of Fedhas.
  3927 | D:6      | Reached skill level 5 in Fighting
  3927 | D:6      | Reached XP level 9. HP: 72/74 MP: 7/7
  4183 | D:6      | Found a snail-covered altar of Cheibriados.
  4527 | D:7      | Acquired Makhleb's third power
  4699 | D:7      | Found Daneadam's Weapon Emporium.
  4867 | D:7      | Found a basalt altar of Yredelemnul.
  4960 | D:7      | Found a stormy altar of Qazlal.
  4984 | D:7      | Reached skill level 1 in Evocations
  5071 | D:8      | Reached skill level 1 in Invocations
  5319 | D:9      | Found a glowing golden altar of the Shining One.
  5532 | D:9      | Learned a level 1 spell: Animate Skeleton
  5605 | D:9      | Found a bloodstained altar of Trog.
  5686 | D:9      | Acquired Makhleb's fourth power
  5698 | D:9      | Noticed Dowan
  5699 | D:9      | Noticed Duvessa
  5718 | D:8      | Reached skill level 10 in Axes
  5751 | D:8      | Reached XP level 10. HP: 82/82 MP: 12/12
  6230 | D:8      | Found a staircase to the Lair.
  6484 | Lair:1   | Entered Level 1 of the Lair of Beasts
  6500 | Lair:1   | Noticed a black mamba
  6514 | Lair:1   | Killed a black mamba
  6547 | Lair:1   | Acquired Makhleb's fifth power
  6603 | Lair:1   | Reached skill level 5 in Invocations
  6619 | Lair:1   | Found a frozen archway.
  6631 | IceCv    | Entered an ice cave
  6646 | IceCv    | Reached skill level 5 in Evocations
  6711 | IceCv    | Noticed an ice statue
  6711 | IceCv    | Noticed an ice statue
  6762 | IceCv    | Killed an ice statue
  7080 | Lair:1   | Found a dark tunnel.
  7126 | Lair:1   | Reached XP level 11. HP: 87/87 MP: 20/20
  7717 | Lair:3   | Noticed a four-headed hydra
  8057 | Lair:4   | HP: 3/89 [black mamba (16)]
  8199 | Lair:4   | Noticed Snorg
  8398 | Lair:5   | Found a staircase to the Snake Pit.
  8426 | Lair:5   | Reached skill level 10 in Invocations
  8670 | Lair:2   | Reached XP level 12. HP: 95/95 MP: 24/24
  8928 | D:10     | Entered Level 10 of the Dungeon
  8936 | D:10     | Reached skill level 1 in Necromancy
  8997 | D:10     | Noticed Eustachio
  9090 | D:10     | Reached skill level 1 in Spellcasting
  9579 | D:11     | Reached skill level 10 in Evocations
  9825 | D:11     | Noticed a five-headed hydra
  9828 | D:11     | Killed a five-headed hydra
 10244 | D:12     | Reached skill level 5 in Necromancy
 10392 | D:12     | Learned a level 4 spell: Animate Dead
 11044 | D:10     | Found a staircase to the Orcish Mines.
 11068 | Orc:1    | Entered Level 1 of the Orcish Mines
 11216 | Orc:1    | Noticed Joseph
 11232 | Orc:1    | Killed Joseph
 11488 | Orc:2    | Noticed an orc high priest
 11523 | Orc:2    | Killed an orc high priest
 11701 | Orc:2    | Reached XP level 13. HP: 100/100 MP: 25/25
 11894 | Orc:4    | Entered Level 4 of the Orcish Mines
 11977 | Orc:4    | Reached skill level 5 in Throwing
 12035 | Orc:4    | Found Qaafri's General Store.
 12278 | Orc:4    | Found a radiant altar of Vehumet.
 12419 | Orc:4    | Found a staircase to the Elven Halls.
 12493 | Orc:4    | Found Soycs' Food Shop.
 12495 | Orc:4    | Bought a scroll of identify for 20 gold pieces
 12495 | Orc:4    | Bought a scroll of fog for 20 gold pieces
 12496 | Orc:4    | Found Nacisk's Antique Armour Shop.
 12498 | Orc:4    | Found Twuoge's Antique Weapon Emporium.
 12505 | Orc:4    | Bought a shiny helmet for 139 gold pieces
 12505 | Orc:4    | Bought a pair of runed gloves for 139 gold pieces
 12505 | Orc:4    | Bought a warped scale mail for 279 gold pieces
 12505 | Orc:4    | Bought an embroidered cloak for 139 gold pieces
 12635 | Orc:4    | Identified the cursed -4 scale mail of Frestru {-Tele rElec rN+ Int+6 Dex+3} (You bought it in a shop on level 4 of the Orcish Mines)
 13332 | Lair:3   | Reached skill level 5 in Armour
 13612 | Lair:5   | Noticed Nergalle
 13732 | Lair:5   | Found a staircase to the Shoals.
 13810 | Lair:5   | Killed Nergalle
 13980 | Lair:5   | Noticed Fannar
 14002 | Lair:5   | Killed Fannar
 14143 | Lair:6   | Found a labyrinth entrance.
 14163 | Lab      | Entered a labyrinth
 14273 | Lab      | Noticed a minotaur
 14453 | Lab      | Killed a minotaur
 14666 | Lair:5   | Reached skill level 5 in Dodging
 14720 | Lair:5   | Learned a level 1 spell: Apportation
 14854 | Lair:6   | Reached skill level 1 in Translocations
 15069 | Lair:7   | Noticed Rupert
 15081 | Lair:7   | Killed Rupert
 15306 | Lair:7   | Your ally Rupert died
 15394 | Lair:7   | Reached skill level 11 in Axes
 15539 | Lair:8   | Entered Level 8 of the Lair of Beasts
 15661 | Lair:8   | Got a distressingly furry leather armour
 15684 | Lair:8   | Identified the +2 leather armour "Nygid" {rN+ MR- Int+2 Dex+7} (You found it on level 8 of the Lair of Beasts)
 15785 | Lair:8   | Found a viscous altar of Jiyva.
 15785 | Lair:8   | Found a staircase to the Slime Pits.
 15901 | Lair:8   | Reached XP level 14. HP: 109/109 MP: 26/26
 16697 | Lair:8   | Got a coiled copper ring
 16699 | Lair:8   | Identified the ring "Schopluc" {Wiz Dex+3} (You found it on level 8 of the Lair of Beasts)
 17260 | D:9      | Killed Duvessa
 17262 | D:9      | Killed Dowan
 17788 | D:13     | Learned a level 3 spell: Regeneration
 17942 | D:13     | Reached skill level 1 in Charms
 18905 | D:15     | Entered Level 15 of the Dungeon
 19032 | D:13     | Found a gate to the Vaults.
 19777 | Shoals:1 | Entered Level 1 of the Shoals
 20339 | Shoals:3 | Reached XP level 15. HP: 115/115 MP: 27/27
 20941 | Shoals:4 | Reached skill level 5 in Charms
 21436 | Shoals:4 | Noticed Norris
 21447 | Shoals:4 | Killed Norris
 21541 | Shoals:5 | Entered Level 5 of the Shoals
 21685 | Shoals:5 | HP: 1/114 [snapping turtle (15)]
 21690 | Shoals:5 | HP: 3/114 [merfolk impaler/trident of protection (15)]
 21700 | Shoals:5 | HP: 3/114 [merfolk/trident (13)]
 21707 | Shoals:5 | HP: 3/114 [merfolk/trident (5)]
 21741 | Shoals:5 | Noticed Ilsuiw
 21743 | Shoals:5 | Slain by a merfolk impaler

Action                   |  1- 3 |  4- 6 |  7- 9 | 10-12 | 13-15 || total
-------------------------+-------+-------+-------+-------+-------++-------
Melee: War axe           |   105 |   184 |   211 |       |       ||   500
       Battleaxe         |       |       |   286 |   973 |  1132 ||  2391
 Fire: Blowgun           |       |       |       |    22 |     3 ||    25
Throw: Throwing net      |     3 |       |     3 |     1 |       ||     7
       Javelin           |       |       |       |     3 |     5 ||     8
 Cast: Animate Skeleton  |       |       |       |    18 |   100 ||   118
       Animate Dead      |       |       |       |     3 |    20 ||    23
       Regeneration      |       |       |       |       |     5 ||     5
Invok: Greater Servant o |       |       |       |     1 |    22 ||    23
       Lesser Servant of |       |       |       |       |     6 ||     6
 Abil: Evoke Teleportati |       |       |     2 |     1 |     5 ||     8
Evoke: Wand              |       |       |       |     9 |    31 ||    40
  Use: Scroll            |       |     2 |    17 |    13 |    28 ||    60
       Potion            |       |       |       |     5 |     6 ||    11
 Stab: Held in net/web   |       |       |     1 |       |       ||     1
       Distracted        |       |       |       |     1 |     7 ||     8
       Confused          |       |       |       |       |     2 ||     2
  Eat: Chunk             |     6 |    14 |    36 |    79 |   155 ||   290

Action                   |  1- 3 |  4- 6 |  7- 9 | 10-12 | 13-15 || total
-------------------------+-------+-------+-------+-------+-------++-------
Melee: War axe           |   105 |   184 |   211 |       |       ||   500
       Battleaxe         |       |       |   286 |   973 |  1132 ||  2391
 Fire: Blowgun           |       |       |       |    22 |     3 ||    25
Throw: Throwing net      |     3 |       |     3 |     1 |       ||     7
       Javelin           |       |       |       |     3 |     5 ||     8
 Cast: Animate Skeleton  |       |       |       |    18 |   100 ||   118
       Animate Dead      |       |       |       |     3 |    20 ||    23
       Regeneration      |       |       |       |       |     5 ||     5
Invok: Greater Servant o |       |       |       |     1 |    22 ||    23
       Lesser Servant of |       |       |       |       |     6 ||     6
 Abil: Evoke Teleportati |       |       |     2 |     1 |     5 ||     8
Evoke: Wand              |       |       |       |     9 |    31 ||    40
  Use: Scroll            |       |     2 |    17 |    13 |    28 ||    60
       Potion            |       |       |       |     5 |     6 ||    11
 Stab: Held in net/web   |       |       |     1 |       |       ||     1
       Distracted        |       |       |       |     1 |     7 ||     8
       Confused          |       |       |       |       |     2 ||     2
  Eat: Chunk             |     6 |    14 |    36 |    79 |   155 ||   290

Action                   |  1- 3 |  4- 6 |  7- 9 | 10-12 | 13-15 || total
-------------------------+-------+-------+-------+-------+-------++-------
Melee: War axe           |   105 |   184 |   211 |       |       ||   500
       Battleaxe         |       |       |   286 |   973 |  1132 ||  2391
 Fire: Blowgun           |       |       |       |    22 |     3 ||    25
Throw: Throwing net      |     3 |       |     3 |     1 |       ||     7
       Javelin           |       |       |       |     3 |     5 ||     8
 Cast: Animate Skeleton  |       |       |       |    18 |   100 ||   118
       Animate Dead      |       |       |       |     3 |    20 ||    23
       Regeneration      |       |       |       |       |     5 ||     5
Invok: Greater Servant o |       |       |       |     1 |    22 ||    23
       Lesser Servant of |       |       |       |       |     6 ||     6
 Abil: Evoke Teleportati |       |       |     2 |     1 |     5 ||     8
Evoke: Wand              |       |       |       |     9 |    31 ||    40
  Use: Scroll            |       |     2 |    17 |    13 |    28 ||    60
       Potion            |       |       |       |     5 |     6 ||    11
 Stab: Held in net/web   |       |       |     1 |       |       ||     1
       Distracted        |       |       |       |     1 |     7 ||     8
       Confused          |       |       |       |       |     2 ||     2
  Eat: Chunk             |     6 |    14 |    36 |    79 |   155 ||   290
